 Dungeon Crawl Stone Soup version 0.30.0-20-g3615ddf2f0 (webtiles) character file.

Game seed: 7064103924532811386

255916 qw the Severer (level 20, 0/134 HPs)
             Began as a Gargoyle Fighter on May 31, 2023.
             Was a High Priest of Okawaru.
             Shot with a bolt by a yaktaur captain (39 damage)
             ... on level 4 of the Vaults.
             The game lasted 00:20:49 (36127 turns).

qw the Severer (Gargoyle Fighter)                  Turns: 36127, Time: 00:20:50

Health: 0/134      AC: 41    Str: 29    XL:     20   Next: 22%
Magic:  20/24      EV: 25    Int: 14    God:    Okawaru [*****.]
Gold:   527        SH: 23    Dex: 17    Spells: 19/19 levels left

rFire   + . .        a - +9 broad axe (heavy)
rCold   + + .        I - +0 tower shield
rNeg    + + .        z - +0 plate armour "Qaph" {Dex+5}
rPois   inf          v - +2 helmet
rElec   +            k - +1 cloak
rCorr   .            C - +2 pair of gloves {Dex+3}
SInv    .            F - +2 pair of boots "Wyif Fas" {rF+ Will+ Str+3}
Will    ++...        G - amulet of faith Stlth
                     j - ring "Locaomid" {rN+ EV+5 Int+2}
HPRegen 0.42/turn    p - +5 ring of evasion
MPRegen 0.19/turn

%: faith
@: heroic, finesse-ful, corroded, flying
A: sickness immunity, AC +15, big wings, negative energy resistance 1,
electricity resistance, torment resistance 1, petrification resistance, cold
resistance 2, low MP 1
}: 1/15 runes: barnacled
a: Renounce Religion, Heroism, Finesse, Duel


You were on level 4 of the Vaults.
You worshipped Okawaru.
Okawaru was extremely pleased with you.
You visited 7 branches of the dungeon, and saw 34 of its levels.

You collected 4488 gold pieces.
You spent 3961 gold pieces at shops.


Innate Abilities, Weirdness & Mutations

You are immune to sickness and miasma.
Your stone body is resilient. (AC +15)
You are immune to poison.
Your large and strong wings let you fly.
You resist negative energy. (rN+)
You are resistant to electric shocks. (rElec)
You are resistant to unholy torment.
You are immune to petrification.
Your flesh is very cold resistant. (rC++)
Your magical capacity is low. (-10% MP)


   Skills:
 - Level 17.0(22.0) Fighting
 - Level 18.0(23.0) Axes
 - Level 9.0(14.0) Throwing
 - Level 16.4(21.4) Armour
 - Level 9.0(14.0) Dodging
 + Level 17.0(22.0) Shields
 - Level 10.1 Invocations


You had 19 spell levels left.
You didn't know any spells.
Your spell library was empty.

Inventory:

Hand Weapons
 a - a +9 heavy broad axe (weapon)
Missiles
 f - 5 javelins (quivered)
 w - 35 boomerangs
 E - 11 silver boomerangs
Armour
 k - a +1 cloak (worn)
 l - a +4 plate armour of ponderousness
 n - +0 acid dragon scales
 v - a +2 helmet (worn)
 z - the +0 plate armour "Qaph" (worn) {Dex+5}
   (You found it on level 12 of the Dungeon)

   Dex:       It affects your dexterity (+5).
 C - a +2 pair of gloves of dexterity (worn)
 F - the +2 pair of boots "Wyif Fas" (worn) {rF+ Will+ Str+3}
   (Okawaru gifted it to you on level 3 of the Vaults)

   Str:       It affects your strength (+3).
   rF:        It protects you from fire.
   Will:      It increases your willpower.
 I - a +0 tower shield (worn)
Jewellery
 j - the ring "Locaomid" (left hand) {rN+ EV+5 Int+2}
   (You found it on level 3 of the Snake Pit)

   [ring of evasion]

   EV:        It affects your evasion (+5).
   Int:       It affects your intelligence (+2).
   rN:        It protects you from negative energy.
 o - a ring of protection from fire
 p - a +5 ring of evasion (right hand)
 s - a ring of protection from cold
 t - a ring of protection from cold
 D - a ring of protection from fire
 G - an amulet of faith (around neck)
 H - an amulet of reflection
 K - a ring of resist corrosion
Wands
 x - a wand of digging (12)
Scrolls
 b - 12 scrolls of teleportation
 r - 25 scrolls of identify
Potions
 c - 5 potions of haste
 d - 5 potions of might
 e - 4 potions of attraction
 g - 7 potions of lignification
 h - 10 potions of heal wounds
 i - 5 potions of resistance
 m - 8 potions of mutation
 q - 13 potions of curing
 u - 5 potions of cancellation
 A - 3 potions of magic

Dungeon Overview and Level Annotations

Branches:
Dungeon (15/15)            Temple (1/1) D:4            Lair (5/5) D:8
 Shoals (4/4) Lair:3        Snake (3/4) Lair:2        Slime (0/5) Lair:5
    Orc (2/2) D:10            Elf (0/3) Orc:2        Vaults (4/5) D:14
  Crypt (0/3) Vaults:3     Depths (0/4) D:15

Altars:
Ashenzari
Cheibriados
Dithmenos
Elyvilon
Fedhas
Gozag
Hepliaklqana
Kikubaaqudgha
Makhleb
Nemelex Xobeh
Okawaru
Qazlal
Ru
Sif Muna
Trog
Uskayaw
Vehumet
Wu Jian
Xom
Yredelemnul
Zin
The Shining One

Shops:
D:9 (   Orc:2 *[[=   Snake:1 ::=   Vaults:2 =(   Vaults:3 !

Portals:
Trove: Vaults:1 (give 6 scrolls of fear)

Annotations:
D:8 2 transporters, qw's ghost, novice GrFi
Shoals:2 3 runed translucent doors, Lianjan's ghost, adept MiGl
Snake:3 1 runed translucent door, qw's ghost, adept GrFi


Message History

You kill the centaur warrior!
Okawaru accepts your kill.
Found 18 gold pieces.
The ironbound convoker begins to recite a word of recall!
The crystal guardian closely misses you.
The jumping spider leaps!
There is a large open door, spattered with blood here.
Items here: %% ))))) [[[.
Enter note:
Enter note: You slice the crystal guardian like a ripe choko!!!
The crystal guardian is severely damaged.
You hit the crystal guardian.
The jumping spider leaps!
The crystal guardian fires a crystalline bolt at you.
The crystal bolt burns you! You resist.
The crystal guardian fires a crystalline bolt at you.
The crystal bolt misses you.
You hit the crystal guardian but do no damage.
The crystal guardian is severely damaged.
You slice the crystal guardian!!
You cut the crystal guardian into ribbons!!!
You destroy the crystal guardian!
Okawaru accepts your kill.
You slash the crystal guardian!
You block the crystal guardian's attack.
You slice the crystal guardian!!
The crystal guardian is almost destroyed.
You slash the crystal guardian!
You destroy the crystal guardian!
Okawaru accepts your kill.
The deep troll is recalled.
The vault sentinel is recalled.
The yaktaur captain is recalled.
The jumping spider leaps!
A yaktaur captain comes into view.
A vault sentinel comes into view. It is wielding a +0 long sword.
A deep troll comes into view.
Your base Shields skill increases to level 17!
The yaktaur captain wields a +0 arbalest.
The yaktaur captain shoots a bolt.
The bolt hits you!!!
You die...

.#. ######...
#.....(..
#.T.....#
#.s....$.
#....c.# #.p0...#
#####@.....# ####
#..)).p....#
#..###...)......#
#...###.)########
##...###.# ..
##...##.# .
##...#.# +.
##.#..#
#...###)..#


You could see a yaktaur captain, a deep troll, a vault sentinel, an ironbound
convoker (catching breath) and a jumping spider (strong).

Vanquished Creatures
  Mlioglotl (Shoals:4)
  Polyphemus (Shoals:3)
  2 krakens
  4 sphinxes
  An ancient champion (Vaults:3)
  A tengu reaver (Vaults:2)
  A fire giant (D:14)
  2 orc warlords
  10 vault wardens
  A ghoul (Vaults:3)
  2 very ugly things
  A war gargoyle (Vaults:2)
  13 ironbound preservers
  A stone giant (Vaults:3)
  5 ironbound thunderhulks
  3 elemental wellsprings (Shoals:1)
  Azrael (Snake:1)
  5 dire elephants
  An eidolon (Vaults:3)
  A merfolk javelineer (Shoals:4)
  7 merfolk impalers
  3 crystal guardians
  A fire dragon (Lair:5)
  6 great orbs of eyes
  5 yaktaur captains
  3 entropy weavers
  A deep elf high priest (Vaults:1)
  An entropy weaver (shapeshifter) (D:15)
  7 hydras
  6 vault guards
  A rakshasa (D:15)
  7 ironbound frosthearts
  4 merfolk avatars
  2 peacekeepers
  3 alligator snapping turtles (Shoals:4)
  A catoblepas (Shoals:3)
  10 centaur warriors
  7 merfolk aquamancers
  4 boulder beetles
  6 two-headed ogres
  2 satyrs (Shoals:4)
  2 naga warriors
  6 anacondas
  7 death yaks
  4 orc high priests
  4 naga sharpshooters
  2 shock serpents
  A tengu warrior (D:14)
  A skeletal warrior (Vaults:3)
  Lodul (D:10)
  4 skysharks
  2 salamander mystics (Snake:3)
  14 sea snakes
  33 deep trolls
  3 glowing orange brains
  3 naga ritualists
  A swamp dragon (Lair:5)
  A kraken simulacrum (Shoals:4)
  12 orc knights
  Pikel (D:6)
  8 ironbound convokers
  A phantasmal warrior (Vaults:1)
  4 wizards
  A deep elf archer (D:15)
  14 harpies
  5 lindwurms
  20 salamanders
  2 deep elf pyromancers (D:13)
  5 necromancers
  4 mana vipers
  5 orc sorcerers
  14 ugly things
  13 fauns
  9 cyclopes
  A manticore (shapeshifter) (D:15)
  7 elephants (Lair:4)
  4 water nymphs
  Joseph (D:10)
  31 black mambas
  11 merfolk sirens
  A human skeleton (Vaults:1)
  6 naga magi
  8 vault sentinels
  13 manticores
  A guardian serpent (Snake:2)
  2 molten gargoyles (Lair:4)
  A torpor snail (Lair:3)
  9 cane toads
  2 unseen horrors
  Maggie (D:7)
  An efreet (D:15)
  4 rime drakes
  6 komodo dragons
  25 yaktaurs
  A tengu conjurer (D:14)
  28 merfolk
  5 trolls
  4 wind drakes
  9 polar bears (Lair:5)
  A hornet (D:9)
  A meliai (shapeshifter) (D:15)
  10 blink frogs
  3 raiju (Lair:5)
  6 snapping turtles
  7 dream sheep (Lair:3)
  Prince Ribbit (D:6)
  A jumping spider (Vaults:2)
  32 slime creatures
  2 wraiths (D:11)
  A vampire (D:9)
  A culicivora (Vaults:3)
  An elf zombie (Vaults:1)
  37 yaks
  2 fire elementals (Snake:1)
  31 water elementals
  2 basilisks
  4 wyverns
  18 humans (D:14)
  6 redbacks
  A steam dragon (Lair:5)
  Grum (D:9)
  2 vampire mosquitoes (D:13)
  18 nagas
  9 wargs
  11 water moccasins
  An ogre zombie (Vaults:1)
  5 acid dragons
  15 hell hounds
  2 ice beasts (D:6)
  3 sky beasts
  24 orc warriors
  2 swamp drakes (Lair:5)
  13 black bears
  32 wolves
  9 ogres
  An orc skeleton (Vaults:1)
  7 centaurs
  2 lemures (D:6)
  A phantom (D:5)
  5 kobold brigands
  19 bullfrogs
  4 gnoll sergeants
  4 scorpions
  6 wights
  2 howler monkeys (D:9)
  6 electric eels
  6 lava snakes
  16 hounds
  6 jellies
  17 orc priests
  5 gnoll boudas
  9 iguanas
  Terence (D:3)
  21 orc wizards
  53 gnolls
  8 adders
  A shadow imp (D:6)
  A white imp (D:7)
  2 worms
  3 dart slugs
  72 orcs
  10 endoplasms
  4 giant cockroaches
  11 goblins
  7 hobgoblins
  8 jackals
  29 kobolds
  3 quokkas
  5 ball pythons
  4 bats
  2 frilled lizards
  3 rats (D:1)
  5 tentacles
1217 creatures vanquished.

Vanquished Creatures (others)
  A centaur warrior (Vaults:4)
  A wizard (D:15)
  2 water elementals
  An orc (Orc:2)
  15 tentacles
20 creatures vanquished.

Grand Total: 1237 creatures vanquished

Notes
Turn   | Place    | Note
-------+----------+-------------------------------------------
     0 | D:1      | qw the Gargoyle Fighter began the quest for the Orb.
     0 | D:1      | Reached XP level 1. HP: 14/14 MP: 1/1
     0 | D:1      | 0 ||| qw: Version: 0.2-a-102-gfc559e5
     0 | D:1      | 0 ||| qw: Game counter: 513
     0 | D:1      | 0 ||| qw: Always use a shield: true
     0 | D:1      | 0 ||| qw: God list: Okawaru
     0 | D:1      | 0 ||| qw: Allow faded altars: false
     0 | D:1      | 0 ||| qw: Do Orc after D:15 true
     0 | D:1      | 0 ||| qw: Do second Lair branch before Depths: true
     0 | D:1      | 0 ||| qw: Lair rune preference: random
     0 | D:1      | 0 ||| qw: Plans: Normal, Zot:1-4, Slime:5, God:TSO, Crypt,
                  | Tomb, Pan, Hells, Abyss, Win
     0 | D:1      | 0 ||| PLANNING D:1-11
    59 | D:1      | Reached skill level 2 in Axes
   148 | D:1      | Reached XP level 2. HP: 18/19 MP: 2/2
   237 | D:1      | 237 ||| Stepping ~*~*~tactically~*~*~ (hiding).
   373 | D:1      | Reached skill level 3 in Axes
   409 | D:1      | Reached XP level 3. HP: 21/23 MP: 3/3
   477 | D:1      | Found a faded altar of an unknown god.
   685 | D:1      | 685 ||| DROPPING scarf of invisibility.
   686 | D:1      | 686 ||| UPGRADING to +1 cloak.
   691 | D:1      | 691 ||| UPGRADING to amulet of regeneration.
   696 | D:1      | 696 ||| DROPPING ring of flight.
   697 | D:1      | 697 ||| READING scroll labelled YBRIUQ HATE.
   700 | D:1      | 700 ||| READING scroll labelled DECAN AKHLUXUQ.
   801 | D:1      | 801 ||| READING scroll labelled QIXIETI OFEAJ.
   802 | D:1      | 802 ||| READING scroll labelled PARILI OMAITT.
   803 | D:1      | 803 ||| DRINKING 2 red potions.
   853 | D:2      | 853 ||| Stepping ~*~*~tactically~*~*~ (stealth).
   940 | D:2      | 940 ||| Stepping ~*~*~tactically~*~*~ (stealth).
   965 | D:2      | 965 ||| Stepping ~*~*~tactically~*~*~ (hiding).
  1053 | D:2      | Reached XP level 4. HP: 28/28 MP: 4/4
  1093 | D:2      | 1093 ||| Stepping ~*~*~tactically~*~*~ (stealth).
  1101 | D:2      | Reached skill level 4 in Axes
  1107 | D:2      | HP: 4/28 [gnoll/+0 flail (11)]
  1108 | D:2      | 1108 ||| READING scroll of teleportation.
  1109 | D:2      | 1109 ||| DRINKING potion of heal wounds.
  1165 | D:2      | 1165 ||| Stepping ~*~*~tactically~*~*~ (hiding).
  1341 | D:2      | Found a hide-covered altar of Uskayaw.
  1398 | D:2      | 1398 ||| Stepping ~*~*~tactically~*~*~ (stealth).
  1404 | D:2      | HP: 6/28 [gnoll/+0 halberd (7)]
  1405 | D:2      | 1405 ||| READING scroll of teleportation.
  1408 | D:2      | Reached skill level 1 in Throwing
  1408 | D:2      | Reached XP level 5. HP: 12/32 MP: 5/5
  1457 | D:2      | 1457 ||| DROPPING +0 club.
  1594 | D:2      | 1594 ||| UPGRADING to +5 ring of evasion.
  1595 | D:2      | 1595 ||| READING scroll labelled NOLEYNYEPAPH.
  1596 | D:2      | 1596 ||| READING scroll labelled TYUCEY YBEEGHO.
  1597 | D:2      | 1597 ||| DRINKING 2 orange potions.
  1636 | D:2      | 1636 ||| DRINKING 2 sedimented grey potions.
  1636 | D:2      | Gained mutation: Your magical capacity is low. (-10% MP)
                  | [potion of mutation]
  1636 | D:2      | Gained mutation: Your flesh is cold resistant. (rC+)
                  | [potion of mutation]
  1636 | D:2      | Gained mutation: Your flesh is very cold resistant. (rC++)
                  | [potion of mutation]
  1637 | D:2      | 1637 ||| DRINKING 2 fizzy green potions.
  1688 | D:3      | Found a hide-covered altar of Uskayaw.
  1692 | D:3      | Noticed Terence
  1693 | D:3      | 1693 ||| Stepping ~*~*~tactically~*~*~ (hiding).
  1704 | D:3      | Killed Terence
  2161 | D:3      | 2161 ||| Stepping ~*~*~tactically~*~*~ (stealth).
  2162 | D:3      | 2162 ||| Stepping ~*~*~tactically~*~*~ (stealth).
  2173 | D:3      | 2173 ||| Stepping ~*~*~tactically~*~*~ (stealth).
  2317 | D:3      | 2317 ||| Stepping ~*~*~tactically~*~*~ (stealth).
  2468 | D:3      | 2468 ||| Stepping ~*~*~tactically~*~*~ (hiding).
  2471 | D:3      | Reached skill level 5 in Axes
  2634 | D:3      | 2634 ||| UPGRADING to +0 chain mail.
  2644 | D:3      | 2644 ||| DROPPING +0 scale mail.
  2645 | D:3      | 2645 ||| UPGRADING to +0 pair of boots.
  2650 | D:3      | 2650 ||| UPGRADING to +4 ring of protection.
  2651 | D:3      | 2651 ||| READING scroll labelled UZESUE IBAS.
  2678 | D:4      | Found a staircase to the Ecumenical Temple.
  2679 | D:4      | 2679 ||| PLANNING TEMPLE
  2687 | Temple   | Entered the Ecumenical Temple
  2709 | Temple   | 2709 ||| PLANNING D:1-11
  2725 | D:4      | 2725 ||| Stepping ~*~*~tactically~*~*~ (stealth).
  2727 | D:4      | 2727 ||| Stepping ~*~*~tactically~*~*~ (stealth).
  2803 | D:4      | 2803 ||| Stepping ~*~*~tactically~*~*~ (stealth).
  2804 | D:4      | 2804 ||| Stepping ~*~*~tactically~*~*~ (stealth).
  2851 | D:4      | Reached XP level 6. HP: 38/38 MP: 5/5
  2885 | D:4      | Found a stormy altar of Qazlal.
  2885 | D:4      | Noticed a sky beast
  2903 | D:4      | Killed a sky beast
  2944 | D:4      | Found a shimmering altar of Xom.
  2944 | D:4      | Found an ornate altar of the Wu Jian Council.
  2990 | D:4      | 2990 ||| Stepping ~*~*~tactically~*~*~ (stealth).
  2991 | D:4      | 2991 ||| Stepping ~*~*~tactically~*~*~ (stealth).
  3006 | D:4      | 3006 ||| Stepping ~*~*~tactically~*~*~ (stealth).
  3008 | D:4      | 3008 ||| Stepping ~*~*~tactically~*~*~ (stealth).
  3010 | D:4      | 3010 ||| Stepping ~*~*~tactically~*~*~ (hiding).
  3038 | D:4      | 3038 ||| Stepping ~*~*~tactically~*~*~ (hiding).
  3039 | D:4      | 3039 ||| Stepping ~*~*~tactically~*~*~ (hiding).
  3040 | D:4      | 3040 ||| Stepping ~*~*~tactically~*~*~ (hiding).
  3362 | D:4      | Noticed a black bear
  3372 | D:4      | Killed a black bear
  3373 | D:4      | Reached XP level 7. HP: 42/44 MP: 6/6
  3507 | D:4      | Reached skill level 6 in Axes
  3740 | D:4      | 3740 ||| READING 3 scrolls of identify.
  3740 | D:4      | 3740 ||| IDENTIFYING clear potion
  3741 | D:4      | 3741 ||| READING 2 scrolls of identify.
  3741 | D:4      | 3741 ||| IDENTIFYING pink potion
  3742 | D:4      | 3742 ||| DROPPING potion of brilliance.
  3743 | D:4      | 3743 ||| DROPPING potion of degeneration.
  3802 | D:5      | Entered Level 5 of the Dungeon
  3916 | D:5      | 3916 ||| STAIRDANCE
  3927 | D:4      | Reached skill level 1 in Dodging
  4139 | D:5      | 4139 ||| Stepping ~*~*~tactically~*~*~ (stealth).
  4159 | D:5      | 4159 ||| Stepping ~*~*~tactically~*~*~ (stealth).
  4161 | D:5      | 4161 ||| Stepping ~*~*~tactically~*~*~ (stealth).
  4168 | D:5      | 4168 ||| Stepping ~*~*~tactically~*~*~ (hiding).
  4174 | D:5      | Reached skill level 7 in Axes
  4444 | D:5      | Reached XP level 8. HP: 45/49 MP: 7/7
  4862 | D:5      | 4862 ||| UPGRADING to +0 pair of gloves.
  4867 | D:5      | 4867 ||| READING 2 scrolls labelled HYLIFY DEDD.
  4868 | D:5      | 4868 ||| READING scroll of enchant weapon.
  4868 | D:5      | 4868 ||| ENCHANTING +1 war axe.
  4869 | D:5      | 4869 ||| DRINKING 2 grey potions.
  4919 | D:6      | Noticed Pikel
  4955 | D:6      | Killed Pikel
  4956 | D:6      | Reached skill level 6 in Armour
  5163 | D:6      | Reached skill level 8 in Axes
  5163 | D:6      | Reached XP level 9. HP: 54/54 MP: 8/8
  5173 | D:6      | Noticed Prince Ribbit
  5199 | D:6      | Killed Prince Ribbit
  5200 | D:6      | Reached skill level 6 in Fighting
  5660 | D:6      | 5660 ||| UPGRADING to +0 helmet.
  5665 | D:6      | 5665 ||| READING scroll labelled YTZONN ICIAK.
  5666 | D:6      | 5666 ||| DRINKING 2 smoky inky potions.
  5667 | D:6      | 5667 ||| READING 4 scrolls of identify.
  5667 | D:6      | 5667 ||| IDENTIFYING blue potion
  5668 | D:6      | 5668 ||| READING 3 scrolls of identify.
  5668 | D:6      | 5668 ||| IDENTIFYING fizzy yellow potion
  5669 | D:6      | 5669 ||| READING 2 scrolls of identify.
  5669 | D:6      | 5669 ||| IDENTIFYING smoky red potion
  5670 | D:6      | 5670 ||| DROPPING potion of magic.
  5671 | D:6      | 5671 ||| DROPPING potion of invisibility.
  5672 | D:6      | 5672 ||| DROPPING potion of flight.
  5673 | D:6      | 5673 ||| DROPPING potion of berserk rage.
  5712 | D:7      | 5712 ||| Stepping ~*~*~tactically~*~*~ (stealth).
  5764 | D:7      | 5764 ||| Stepping ~*~*~tactically~*~*~ (hiding).
  5765 | D:7      | 5765 ||| Stepping ~*~*~tactically~*~*~ (hiding).
  5766 | D:7      | 5766 ||| Stepping ~*~*~tactically~*~*~ (hiding).
  5768 | D:7      | 5768 ||| Stepping ~*~*~tactically~*~*~ (hiding).
  5770 | D:7      | 5770 ||| Stepping ~*~*~tactically~*~*~ (hiding).
  5772 | D:7      | 5772 ||| Stepping ~*~*~tactically~*~*~ (hiding).
  5799 | D:7      | 5799 ||| Stepping ~*~*~tactically~*~*~ (stealth).
  5800 | D:7      | 5800 ||| Stepping ~*~*~tactically~*~*~ (stealth).
  5801 | D:7      | 5801 ||| Stepping ~*~*~tactically~*~*~ (stealth).
  5822 | D:7      | 5822 ||| Stepping ~*~*~tactically~*~*~ (hiding).
  5831 | D:7      | Reached skill level 9 in Axes
  5836 | D:7      | Noticed Maggie
  5837 | D:7      | 5837 ||| Stepping ~*~*~tactically~*~*~ (stealth).
  5839 | D:7      | 5839 ||| Stepping ~*~*~tactically~*~*~ (hiding).
  5856 | D:7      | Killed Maggie
  5874 | D:7      | 5874 ||| SWAPPING to +0 heavy broad axe.
  5875 | D:7      | 5875 ||| DROPPING +2 war axe.
  5924 | D:7      | 5924 ||| DROPPING +0 flail.
  5939 | D:7      | 5939 ||| Stepping ~*~*~tactically~*~*~ (hiding).
  5941 | D:7      | 5941 ||| Stepping ~*~*~tactically~*~*~ (hiding).
  5942 | D:7      | 5942 ||| Stepping ~*~*~tactically~*~*~ (hiding).
  5944 | D:7      | 5944 ||| Stepping ~*~*~tactically~*~*~ (hiding).
  5945 | D:7      | 5945 ||| Stepping ~*~*~tactically~*~*~ (hiding).
  6013 | D:7      | 6013 ||| Stepping ~*~*~tactically~*~*~ (stealth).
  6014 | D:7      | 6014 ||| Stepping ~*~*~tactically~*~*~ (stealth).
  6015 | D:7      | 6015 ||| Stepping ~*~*~tactically~*~*~ (stealth).
  6016 | D:7      | 6016 ||| Stepping ~*~*~tactically~*~*~ (stealth).
  6019 | D:7      | 6019 ||| Stepping ~*~*~tactically~*~*~ (stealth).
  6020 | D:7      | 6020 ||| Stepping ~*~*~tactically~*~*~ (stealth).
  6021 | D:7      | 6021 ||| Stepping ~*~*~tactically~*~*~ (stealth).
  6168 | D:7      | 6168 ||| READING scroll of enchant weapon.
  6168 | D:7      | 6168 ||| ENCHANTING +0 heavy broad axe.
  6508 | D:7      | Reached skill level 10 in Axes
  6508 | D:7      | Reached XP level 10. HP: 63/63 MP: 9/9
  6639 | D:7      | 6639 ||| READING scroll labelled MIOPYE UM COGA.
  6688 | D:8      | 6688 ||| Stepping ~*~*~tactically~*~*~ (stealth).
  6690 | D:8      | 6690 ||| Stepping ~*~*~tactically~*~*~ (stealth).
  6710 | D:8      | Found a transporter.
  6710 | D:8      | Noticed a centaur warrior
  6712 | D:8      | Noticed qw's ghost (novice GrFi)
  6745 | D:8      | Found a blossoming altar of Fedhas.
  6745 | D:8      | Found a basalt altar of Yredelemnul.
  6758 | D:8      | 6758 ||| Stepping ~*~*~tactically~*~*~ (stealth).
  6832 | D:8      | 6832 ||| DROPPING +0 morningstar.
  6847 | D:8      | Found a transporter.
  6902 | D:8      | 6902 ||| STAIRDANCE
  6908 | D:7      | 6908 ||| READING scroll labelled CAGETRAOTZ.
  6926 | D:8      | 6926 ||| DROPPING +2 morningstar of flaming.
  7165 | D:8      | Found an iron altar of Okawaru.
  7166 | D:8      | 7166 ||| PLANNING OKAWARU WORSHIP
  7169 | D:8      | Became a worshipper of Warmaster Okawaru
  7169 | D:8      | 7169 ||| PLANNING D:1-11
  7282 | D:8      | Found a staircase to the Lair.
  7336 | D:8      | Noticed a two-headed ogre
  7340 | D:8      | Killed a two-headed ogre
  7341 | D:8      | Reached skill level 11 in Axes
  7440 | D:8      | 7440 ||| PLANNING LAIR
  7440 | D:8      | 7440 ||| UPGRADING to +0 plate armour.
  7450 | D:8      | 7450 ||| DROPPING +0 chain mail.
  7484 | Lair:1   | Entered Level 1 of the Lair of Beasts
  7502 | Lair:1   | Noticed a cane toad
  7502 | Lair:1   | Noticed a cane toad
  7502 | Lair:1   | Noticed a cane toad
  7509 | Lair:1   | Killed a cane toad
  7511 | Lair:1   | Killed a cane toad
  7511 | Lair:1   | Reached * piety under Okawaru
  7512 | Lair:1   | 7512 ||| INVOKING Heroism.
  7514 | Lair:1   | Killed a cane toad
  7517 | Lair:1   | Reached skill level 1 in Invocations
  7649 | Lair:1   | 7649 ||| Stepping ~*~*~tactically~*~*~ (stealth).
  7651 | Lair:1   | 7651 ||| INVOKING Heroism.
  7653 | Lair:1   | Reached XP level 11. HP: 69/69 MP: 8/11
  7657 | Lair:1   | Reached skill level 3 in Invocations
  7658 | Lair:1   | Reached skill level 9 in Fighting
  7663 | Lair:1   | 7663 ||| INVOKING Heroism.
  7717 | Lair:1   | Reached skill level 9 in Armour
  7832 | Lair:1   | Reached ** piety under Okawaru
  8148 | Lair:1   | 8148 ||| INVOKING Heroism.
  8321 | Lair:1   | 8321 ||| READING scroll labelled YGGEPP CONE.
  8322 | Lair:1   | 8322 ||| READING 2 scrolls of identify.
  8322 | Lair:1   | 8322 ||| IDENTIFYING glowing golden potion
  8344 | Lair:2   | Found a staircase to the Snake Pit.
  8426 | Lair:2   | 8426 ||| READING scroll of enchant weapon.
  8426 | Lair:2   | 8426 ||| ENCHANTING +1 heavy broad axe.
  8434 | Lair:2   | Noticed a skyshark
  8444 | Lair:2   | 8444 ||| INVOKING Heroism.
  8448 | Lair:2   | Killed a skyshark
  8450 | Lair:2   | Reached skill level 12 in Axes
  8502 | Lair:2   | Reached *** piety under Okawaru
  8645 | Lair:2   | 8645 ||| INVOKING Heroism.
  8757 | Lair:2   | 8757 ||| Stepping ~*~*~tactically~*~*~ (hiding).
  8779 | Lair:2   | 8779 ||| INVOKING Heroism.
  8785 | Lair:2   | Reached skill level 6 in Shields
  8796 | Lair:2   | 8796 ||| INVOKING Heroism.
  9028 | Lair:3   | Reached XP level 12. HP: 67/77 MP: 13/13
  9057 | Lair:3   | 9057 ||| INVOKING Heroism.
  9067 | Lair:3   | Reached **** piety under Okawaru
  9077 | Lair:3   | 9077 ||| INVOKING Heroism.
  9078 | Lair:3   | Noticed a four-headed hydra
  9079 | Lair:3   | 9079 ||| Stepping ~*~*~tactically~*~*~ (stealth).
  9086 | Lair:3   | 9086 ||| SWAPPING to +4 morningstar of freezing.
  9094 | Lair:3   | Killed a four-headed hydra
  9095 | Lair:3   | 9095 ||| SWAPPING to +2 heavy broad axe.
  9131 | Lair:3   | 9131 ||| Stepping ~*~*~tactically~*~*~ (stealth).
  9133 | Lair:3   | 9133 ||| Stepping ~*~*~tactically~*~*~ (stealth).
  9135 | Lair:3   | 9135 ||| Stepping ~*~*~tactically~*~*~ (stealth).
  9137 | Lair:3   | 9137 ||| Stepping ~*~*~tactically~*~*~ (stealth).
  9139 | Lair:3   | 9139 ||| Stepping ~*~*~tactically~*~*~ (stealth).
  9172 | Lair:3   | Noticed a seven-headed hydra
  9173 | Lair:3   | 9173 ||| Stepping ~*~*~tactically~*~*~ (stealth).
  9174 | Lair:3   | 9174 ||| Stepping ~*~*~tactically~*~*~ (stealth).
  9175 | Lair:3   | 9175 ||| Stepping ~*~*~tactically~*~*~ (stealth).
  9273 | Lair:3   | Found a staircase to the Shoals.
  9299 | Lair:3   | 9299 ||| Stepping ~*~*~tactically~*~*~ (stealth).
  9308 | Lair:3   | 9308 ||| Stepping ~*~*~tactically~*~*~ (stealth).
  9346 | Lair:3   | 9346 ||| Stepping ~*~*~tactically~*~*~ (stealth).
  9364 | Lair:3   | Reached skill level 6 in Invocations
  9553 | Lair:3   | 9553 ||| Stepping ~*~*~tactically~*~*~ (stealth).
  9554 | Lair:3   | 9554 ||| Stepping ~*~*~tactically~*~*~ (stealth).
  9556 | Lair:3   | 9556 ||| INVOKING Heroism.
  9559 | Lair:3   | 9559 ||| SWAPPING to +4 morningstar of freezing.
  9564 | Lair:3   | Killed a seven-headed hydra
  9565 | Lair:3   | Reached skill level 13 in Axes
  9565 | Lair:3   | 9565 ||| SWAPPING to +2 heavy broad axe.
  9602 | Lair:3   | 9602 ||| Stepping ~*~*~tactically~*~*~ (stealth).
  9613 | Lair:3   | Reached ***** piety under Okawaru
  9889 | Lair:3   | 9889 ||| DROPPING amulet of guardian spirit.
  9890 | Lair:3   | 9890 ||| DROPPING ring of wizardry.
  9919 | Lair:4   | 9919 ||| INVOKING Heroism.
  9951 | Lair:4   | 9951 ||| FLEEEEING.
  9952 | Lair:4   | 9952 ||| FLEEEEING.
  9953 | Lair:4   | 9953 ||| FLEEEEING.
  9954 | Lair:4   | 9954 ||| FLEEEEING.
  9955 | Lair:4   | 9955 ||| FLEEEEING.
  9956 | Lair:4   | 9956 ||| STAIRDANCE
 10046 | Lair:4   | 10046 ||| FLEEEEING.
 10047 | Lair:4   | 10047 ||| FLEEEEING.
 10048 | Lair:4   | 10048 ||| INVOKING Heroism.
 10098 | Lair:4   | 10098 ||| INVOKING Heroism.
 10126 | Lair:4   | 10126 ||| Stepping ~*~*~tactically~*~*~ (stealth).
 10129 | Lair:4   | 10129 ||| Stepping ~*~*~tactically~*~*~ (stealth).
 10143 | Lair:4   | Reached XP level 13. HP: 60/82 MP: 17/17
 10382 | Lair:4   | 10382 ||| READING scroll of enchant weapon.
 10382 | Lair:4   | 10382 ||| ENCHANTING +2 heavy broad axe.
 10407 | Lair:4   | Reached skill level 9 in Invocations
 10460 | Lair:4   | 10460 ||| Stepping ~*~*~tactically~*~*~ (stealth).
 10545 | Lair:4   | Reached skill level 14 in Axes
 10546 | Lair:4   | Received a gift from Okawaru
 10651 | Lair:4   | 10651 ||| INVOKING Heroism.
 10652 | Lair:4   | 10652 ||| INVOKING Finesse.
 10659 | Lair:4   | 10659 ||| SWAPPING to +4 morningstar of freezing.
 10662 | Lair:4   | 10662 ||| SWAPPING to +3 heavy broad axe.
 10868 | Lair:5   | Entered Level 5 of the Lair of Beasts
 10874 | Lair:5   | 10874 ||| Stepping ~*~*~tactically~*~*~ (hiding).
 10875 | Lair:5   | 10875 ||| Stepping ~*~*~tactically~*~*~ (hiding).
 10876 | Lair:5   | 10876 ||| Stepping ~*~*~tactically~*~*~ (hiding).
 11024 | Lair:5   | 11024 ||| Stepping ~*~*~tactically~*~*~ (hiding).
 11042 | Lair:5   | 11042 ||| Stepping ~*~*~tactically~*~*~ (stealth).
 11065 | Lair:5   | Found a staircase to the Slime Pits.
 11068 | Lair:5   | 11068 ||| Stepping ~*~*~tactically~*~*~ (stealth).
 11132 | Lair:5   | Found a shimmering altar of Xom.
 11162 | Lair:5   | 11162 ||| INVOKING Heroism.
 11164 | Lair:5   | 11164 ||| INVOKING Finesse.
 11184 | Lair:5   | 11184 ||| Stepping ~*~*~tactically~*~*~ (stealth).
 11319 | Lair:5   | 11319 ||| INVOKING Heroism.
 11320 | Lair:5   | 11320 ||| INVOKING Finesse.
 11325 | Lair:5   | 11325 ||| SWAPPING to +4 morningstar of freezing.
 11331 | Lair:5   | 11331 ||| SWAPPING to +3 heavy broad axe.
 11391 | Lair:5   | 11391 ||| INVOKING Heroism.
 11395 | Lair:5   | 11395 ||| Stepping ~*~*~tactically~*~*~ (cloud).
 11396 | Lair:5   | 11396 ||| Stepping ~*~*~tactically~*~*~ (hiding).
 11397 | Lair:5   | 11397 ||| Stepping ~*~*~tactically~*~*~ (hiding).
 11403 | Lair:5   | 11403 ||| Stepping ~*~*~tactically~*~*~ (hiding).
 11451 | Lair:5   | Noticed a fire dragon
 11452 | Lair:5   | 11452 ||| INVOKING Heroism.
 11460 | Lair:5   | Killed a fire dragon
 11479 | Lair:5   | 11479 ||| Stepping ~*~*~tactically~*~*~ (water).
 11615 | Lair:5   | 11615 ||| Stepping ~*~*~tactically~*~*~ (stealth).
 11846 | Lair:5   | 11846 ||| Stepping ~*~*~tactically~*~*~ (stealth).
 11852 | Lair:5   | 11852 ||| Stepping ~*~*~tactically~*~*~ (stealth).
 11853 | Lair:5   | 11853 ||| Stepping ~*~*~tactically~*~*~ (stealth).
 11856 | Lair:5   | 11856 ||| INVOKING Heroism.
 11885 | Lair:5   | 11885 ||| Stepping ~*~*~tactically~*~*~ (hiding).
 11900 | Lair:5   | 11900 ||| Stepping ~*~*~tactically~*~*~ (stealth).
 11905 | Lair:5   | 11905 ||| Stepping ~*~*~tactically~*~*~ (stealth).
 11924 | Lair:5   | 11924 ||| Stepping ~*~*~tactically~*~*~ (stealth).
 11931 | Lair:5   | 11931 ||| INVOKING Heroism.
 11949 | Lair:5   | 11949 ||| Stepping ~*~*~tactically~*~*~ (stealth).
 11975 | Lair:5   | 11975 ||| Stepping ~*~*~tactically~*~*~ (stealth).
 11986 | Lair:5   | 11986 ||| INVOKING Heroism.
 12029 | Lair:5   | 12029 ||| INVOKING Heroism.
 12030 | Lair:5   | 12030 ||| INVOKING Finesse.
 12034 | Lair:5   | 12034 ||| SWAPPING to +4 morningstar of freezing.
 12038 | Lair:5   | Received a gift from Okawaru
 12039 | Lair:5   | Gained mutation: Your large and strong wings let you fly.
                  | [Gargoyle growth]
 12039 | Lair:5   | Reached XP level 14. HP: 89/90 MP: 12/19
 12039 | Lair:5   | 12039 ||| SWAPPING to +3 heavy broad axe.
 12057 | Lair:5   | Reached skill level 15 in Axes
 12069 | Lair:5   | 12069 ||| Stepping ~*~*~tactically~*~*~ (stealth).
 12070 | Lair:5   | 12070 ||| Stepping ~*~*~tactically~*~*~ (stealth).
 12141 | Lair:5   | 12141 ||| Stepping ~*~*~tactically~*~*~ (hiding).
 12152 | Lair:5   | 12152 ||| INVOKING Heroism.
 12167 | Lair:5   | 12167 ||| Stepping ~*~*~tactically~*~*~ (hiding).
 12187 | Lair:5   | 12187 ||| Stepping ~*~*~tactically~*~*~ (hiding).
 12283 | Lair:5   | 12283 ||| PLANNING D:1-11
 12283 | Lair:5   | 12283 ||| READING scroll labelled CAJUOVU ULUZAI.
 12284 | Lair:5   | 12284 ||| DRINKING 2 fuming sapphire potions.
 12421 | D:9      | 12421 ||| Stepping ~*~*~tactically~*~*~ (hiding).
 12422 | D:9      | 12422 ||| Stepping ~*~*~tactically~*~*~ (hiding).
 12497 | D:9      | Noticed Grum
 12498 | D:9      | 12498 ||| INVOKING Heroism.
 12499 | D:9      | 12499 ||| INVOKING Finesse.
 12503 | D:9      | Killed Grum
 12573 | D:9      | 12573 ||| Stepping ~*~*~tactically~*~*~ (hiding).
 12696 | D:9      | Reached skill level 3 in Throwing
 12733 | D:9      | 12733 ||| INVOKING Heroism.
 12770 | D:9      | 12770 ||| READING scroll of enchant armour.
 12770 | D:9      | 12770 ||| ENCHANTING +0 pair of gloves.
 12812 | D:9      | Reached skill level 12 in Fighting
 12823 | D:9      | 12823 ||| Stepping ~*~*~tactically~*~*~ (stealth).
 12828 | D:9      | 12828 ||| Stepping ~*~*~tactically~*~*~ (stealth).
 12830 | D:9      | 12830 ||| Stepping ~*~*~tactically~*~*~ (hiding).
 12972 | D:9      | Found a glowing silver altar of Zin.
 12982 | D:9      | Found Zin's Purification Station.
 12982 | D:9      | Found Liympuse's Weapon Boutique.
 12994 | D:9      | 12994 ||| BUYING potion of curing (90 gold).
 12994 | D:9      | Bought a potion of curing for 90 gold pieces
 13023 | D:9      | 13023 ||| Stepping ~*~*~tactically~*~*~ (stealth).
 13085 | D:9      | 13085 ||| Stepping ~*~*~tactically~*~*~ (stealth).
 13086 | D:9      | 13086 ||| Stepping ~*~*~tactically~*~*~ (stealth).
 13087 | D:9      | 13087 ||| Stepping ~*~*~tactically~*~*~ (stealth).
 13088 | D:9      | 13088 ||| Stepping ~*~*~tactically~*~*~ (stealth).
 13089 | D:9      | 13089 ||| Stepping ~*~*~tactically~*~*~ (stealth).
 13142 | D:9      | 13142 ||| Stepping ~*~*~tactically~*~*~ (hiding).
 13154 | D:9      | 13154 ||| Stepping ~*~*~tactically~*~*~ (hiding).
 13214 | D:9      | 13214 ||| Stepping ~*~*~tactically~*~*~ (stealth).
 13221 | D:9      | 13221 ||| Stepping ~*~*~tactically~*~*~ (stealth).
 13252 | D:9      | 13252 ||| UPGRADING to +0 kite shield.
 13262 | D:9      | 13262 ||| DROPPING +0 buckler.
 13275 | D:10     | Entered Level 10 of the Dungeon
 13310 | D:10     | 13310 ||| Stepping ~*~*~tactically~*~*~ (hiding).
 13373 | D:10     | Found a staircase to the Orcish Mines.
 13442 | D:10     | Noticed Joseph
 13445 | D:10     | Killed Joseph
 13445 | D:10     | Received a gift from Okawaru
 13498 | D:10     | Found an ancient bone altar of Kikubaaqudgha.
 13618 | D:10     | 13618 ||| Stepping ~*~*~tactically~*~*~ (stealth).
 13667 | D:10     | 13667 ||| Stepping ~*~*~tactically~*~*~ (hiding).
 13674 | D:10     | 13674 ||| Stepping ~*~*~tactically~*~*~ (stealth).
 13749 | D:10     | Noticed Lodul
 13750 | D:10     | 13750 ||| Stepping ~*~*~tactically~*~*~ (hiding).
 13760 | D:10     | Killed Lodul
 13763 | D:10     | 13763 ||| INVOKING Heroism.
 13889 | D:10     | 13889 ||| Stepping ~*~*~tactically~*~*~ (hiding).
 14001 | D:10     | 14001 ||| Stepping ~*~*~tactically~*~*~ (hiding).
 14071 | D:10     | 14071 ||| READING scroll of enchant weapon.
 14071 | D:10     | 14071 ||| ENCHANTING +3 heavy broad axe.
 14094 | D:10     | Found a sparkling altar of Nemelex Xobeh.
 14160 | D:10     | 14160 ||| READING scroll labelled LIUNKYGEFI.
 14177 | D:10     | 14177 ||| READING 6 scrolls of identify.
 14177 | D:10     | 14177 ||| IDENTIFYING bubbling silvery potion
 14532 | D:11     | Reached skill level 9 in Shields
 14877 | D:11     | 14877 ||| PLANNING D
 14889 | D:11     | 14889 ||| Stepping ~*~*~tactically~*~*~ (stealth).
 14891 | D:11     | 14891 ||| INVOKING Heroism.
 14892 | D:11     | 14892 ||| INVOKING Finesse.
 14953 | D:12     | 14953 ||| Stepping ~*~*~tactically~*~*~ (hiding).
 15136 | D:12     | 15136 ||| Stepping ~*~*~tactically~*~*~ (stealth).
 15138 | D:12     | 15138 ||| FLEEEEING.
 15147 | D:12     | 15147 ||| FLEEEEING.
 15222 | D:12     | Identified the +0 plate armour "Qaph" {Dex+5}
 15237 | D:12     | 15237 ||| INVOKING Heroism.
 15248 | D:12     | 15248 ||| FLEEEEING.
 15249 | D:12     | 15249 ||| FLEEEEING.
 15250 | D:12     | 15250 ||| FLEEEEING.
 15366 | D:12     | 15366 ||| Stepping ~*~*~tactically~*~*~ (hiding).
 15656 | D:12     | 15656 ||| INVOKING Heroism.
 15759 | D:12     | 15759 ||| Stepping ~*~*~tactically~*~*~ (hiding).
 15864 | D:12     | 15864 ||| UPGRADING to +0 plate armour "Qaph" {Dex+5}.
 15874 | D:12     | 15874 ||| DROPPING +0 plate armour.
 15875 | D:12     | 15875 ||| UPGRADING to +1 pair of gloves of dexterity.
 15885 | D:12     | 15885 ||| DROPPING +1 pair of gloves.
 15886 | D:12     | 15886 ||| DROPPING ring of willpower.
 15960 | D:13     | 15960 ||| Stepping ~*~*~tactically~*~*~ (hiding).
 15962 | D:13     | 15962 ||| Stepping ~*~*~tactically~*~*~ (hiding).
 16084 | D:13     | 16084 ||| Stepping ~*~*~tactically~*~*~ (hiding).
 16085 | D:13     | 16085 ||| Stepping ~*~*~tactically~*~*~ (hiding).
 16105 | D:13     | 16105 ||| INVOKING Heroism.
 16107 | D:13     | 16107 ||| Stepping ~*~*~tactically~*~*~ (stealth).
 16108 | D:13     | 16108 ||| Stepping ~*~*~tactically~*~*~ (stealth).
 16113 | D:13     | Reached skill level 3 in Dodging
 16141 | D:13     | 16141 ||| Stepping ~*~*~tactically~*~*~ (stealth).
 16142 | D:13     | 16142 ||| Stepping ~*~*~tactically~*~*~ (stealth).
 16143 | D:13     | 16143 ||| Stepping ~*~*~tactically~*~*~ (stealth).
 16189 | D:13     | 16189 ||| Stepping ~*~*~tactically~*~*~ (hiding).
 16191 | D:13     | 16191 ||| Stepping ~*~*~tactically~*~*~ (stealth).
 16192 | D:13     | 16192 ||| Stepping ~*~*~tactically~*~*~ (hiding).
 16303 | D:13     | 16303 ||| Stepping ~*~*~tactically~*~*~ (hiding).
 16505 | D:13     | 16505 ||| Stepping ~*~*~tactically~*~*~ (hiding).
 16641 | D:13     | 16641 ||| DROPPING +2 pair of gloves.
 16657 | D:14     | 16657 ||| STAIRDANCE
 16677 | D:14     | Reached XP level 15. HP: 90/96 MP: 20/20
 16743 | D:14     | 16743 ||| READING scroll of enchant weapon.
 16743 | D:14     | 16743 ||| ENCHANTING +4 heavy broad axe.
 16761 | D:14     | 16761 ||| FLEEEEING.
 16762 | D:14     | 16762 ||| FLEEEEING.
 16767 | D:14     | 16767 ||| FLEEEEING.
 16768 | D:14     | 16768 ||| FLEEEEING.
 16769 | D:14     | 16769 ||| FLEEEEING.
 16770 | D:14     | 16770 ||| FLEEEEING.
 16771 | D:14     | 16771 ||| FLEEEEING.
 16772 | D:14     | 16772 ||| FLEEEEING.
 16775 | D:14     | 16775 ||| STAIRDANCE
 16945 | D:14     | 16945 ||| Stepping ~*~*~tactically~*~*~ (stealth).
 16947 | D:14     | 16947 ||| Stepping ~*~*~tactically~*~*~ (hiding).
 16954 | D:14     | 16954 ||| Stepping ~*~*~tactically~*~*~ (hiding).
 17065 | D:14     | You are sucked into a shaft and drop 1 floor!
 17065 | D:15     | Entered Level 15 of the Dungeon
 17094 | D:15     | 17094 ||| INVOKING Heroism.
 17142 | D:15     | 17142 ||| INVOKING Heroism.
 17166 | D:15     | 17166 ||| INVOKING Heroism.
 17169 | D:15     | Identified the +10 battleaxe of Rotation {freeze, Str+3
                  | Int+3 Stlth+} (Okawaru gifted it to you on level 15 of the
                  | Dungeon)
 17169 | D:15     | Received a gift from Okawaru
 17170 | D:15     | Reached skill level 12 in Shields
 17331 | D:14     | 17331 ||| INVOKING Heroism.
 17332 | D:14     | 17332 ||| INVOKING Finesse.
 17334 | D:14     | 17334 ||| SWAPPING to +4 morningstar of freezing.
 17339 | D:14     | 17339 ||| SWAPPING to +5 heavy broad axe.
 17606 | D:14     | 17606 ||| INVOKING Heroism.
 17607 | D:14     | 17607 ||| INVOKING Finesse.
 17611 | D:14     | 17611 ||| SWAPPING to +4 morningstar of freezing.
 17614 | D:14     | 17614 ||| SWAPPING to +5 heavy broad axe.
 17671 | D:14     | 17671 ||| Stepping ~*~*~tactically~*~*~ (hiding).
 17789 | D:14     | 17789 ||| Stepping ~*~*~tactically~*~*~ (hiding).
 17790 | D:14     | 17790 ||| Stepping ~*~*~tactically~*~*~ (hiding).
 17938 | D:14     | Noticed a fire giant
 17939 | D:14     | 17939 ||| INVOKING Heroism.
 17944 | D:14     | Killed a fire giant
 17945 | D:14     | Reached skill level 12 in Armour
 18298 | D:14     | Found a gate to the Vaults.
 18306 | D:14     | Received a gift from Okawaru
 18312 | D:14     | 18312 ||| INVOKING Heroism.
 18410 | D:14     | 18410 ||| DROPPING ring of see invisible.
 18411 | D:14     | 18411 ||| READING scroll labelled ADIREIR GIUPRU.
 18503 | D:15     | 18503 ||| Stepping ~*~*~tactically~*~*~ (hiding).
 18834 | D:15     | 18834 ||| Stepping ~*~*~tactically~*~*~ (hiding).
 18836 | D:15     | 18836 ||| Stepping ~*~*~tactically~*~*~ (hiding).
 18971 | D:15     | 18971 ||| INVOKING Heroism.
 19144 | D:15     | 19144 ||| INVOKING Heroism.
 19148 | D:15     | 19148 ||| READING 14 scrolls of teleportation.
 19332 | D:15     | 19332 ||| Stepping ~*~*~tactically~*~*~ (stealth).
 19335 | D:15     | 19335 ||| READING 13 scrolls of teleportation.
 19336 | D:15     | 19336 ||| INVOKING Heroism.
 19390 | D:15     | 19390 ||| Stepping ~*~*~tactically~*~*~ (stealth).
 19392 | D:15     | 19392 ||| Stepping ~*~*~tactically~*~*~ (stealth).
 19434 | D:15     | 19434 ||| Stepping ~*~*~tactically~*~*~ (stealth).
 19436 | D:15     | 19436 ||| Stepping ~*~*~tactically~*~*~ (stealth).
 19438 | D:15     | 19438 ||| INVOKING Heroism.
 19441 | D:15     | 19441 ||| READING 12 scrolls of teleportation.
 19466 | D:15     | 19466 ||| Stepping ~*~*~tactically~*~*~ (stealth).
 19467 | D:15     | 19467 ||| Stepping ~*~*~tactically~*~*~ (stealth).
 19487 | D:15     | Found a staircase to the Depths.
 19494 | D:15     | 19494 ||| PLANNING ORC
 19628 | Orc:1    | Entered Level 1 of the Orcish Mines
 19756 | Orc:2    | Entered Level 2 of the Orcish Mines
 19769 | Orc:2    | 19769 ||| INVOKING Heroism.
 19793 | Orc:2    | 19793 ||| Stepping ~*~*~tactically~*~*~ (hiding).
 19966 | Orc:2    | Reached skill level 16 in Axes
 19972 | Orc:2    | 19972 ||| INVOKING Heroism.
 20007 | Orc:2    | 20007 ||| Stepping ~*~*~tactically~*~*~ (hiding).
 20008 | Orc:2    | 20008 ||| Stepping ~*~*~tactically~*~*~ (hiding).
 20010 | Orc:2    | 20010 ||| Stepping ~*~*~tactically~*~*~ (hiding).
 20011 | Orc:2    | 20011 ||| Stepping ~*~*~tactically~*~*~ (hiding).
 20030 | Orc:2    | 20030 ||| INVOKING Heroism.
 20164 | Orc:2    | Found a staircase to the Elven Halls.
 20200 | Orc:1    | 20200 ||| INVOKING Heroism.
 20778 | Orc:2    | 20778 ||| Stepping ~*~*~tactically~*~*~ (hiding).
 20784 | Orc:2    | 20784 ||| INVOKING Heroism.
 20832 | Orc:2    | Found Xuimic's Assorted Antiques.
 20832 | Orc:2    | Found Jugedgh's Jewellery Shoppe.
 20834 | Orc:2    | Found Dacvegheit's Antique Armour Shop.
 20834 | Orc:2    | Found Ucoeca Amije's Antique Armour Shoppe.
 20840 | Orc:2    | 20840 ||| BUYING scroll of identify (60 gold).
 20840 | Orc:2    | Bought a scroll of identify for 60 gold pieces
 20840 | Orc:2    | 20840 ||| BUYING scroll of identify (60 gold).
 20840 | Orc:2    | Bought a scroll of identify for 60 gold pieces
 20843 | Orc:2    | 20843 ||| BUYING pair of embroidered boots (285 gold).
 20843 | Orc:2    | Bought a pair of embroidered boots for 285 gold pieces
 20843 | Orc:2    | 20843 ||| BUYING runed chain mail (285 gold).
 20843 | Orc:2    | Bought a runed chain mail for 285 gold pieces
 20844 | Orc:2    | 20844 ||| BUYING ancient chain mail (294 gold).
 20844 | Orc:2    | Bought an ancient chain mail for 294 gold pieces
 20844 | Orc:2    | Identified the +0 chain mail of Urougat {Will+} (You bought
                  | it in a shop on level 2 of the Orcish Mines)
 20844 | Orc:2    | 20844 ||| BUYING runed scarf (248 gold).
 20844 | Orc:2    | Bought a runed scarf for 248 gold pieces
 20844 | Orc:2    | 20844 ||| SHOPLISTING warped fire dragon scales (2015 gold,
                  | have 1746).
 20846 | Orc:2    | 20846 ||| BUYING amulet of faith (680 gold).
 20846 | Orc:2    | Bought an amulet of faith for 680 gold pieces
 20846 | Orc:2    | 20846 ||| BUYING amulet of reflection (510 gold).
 20846 | Orc:2    | Bought an amulet of reflection for 510 gold pieces
 20846 | Orc:2    | 20846 ||| PLANNING SHOALS:1-3
 20846 | Orc:2    | 20846 ||| UPGRADING to +1 pair of boots.
 20856 | Orc:2    | 20856 ||| DROPPING +0 pair of boots.
 20857 | Orc:2    | 20857 ||| DROPPING +2 chain mail of poison resistance.
 20858 | Orc:2    | 20858 ||| DROPPING +0 chain mail of Urougat {Will+}.
 20859 | Orc:2    | 20859 ||| DROPPING scarf of invisibility.
 20860 | Orc:2    | 20860 ||| UPGRADING to amulet of faith.
 20870 | Orc:2    | 20870 ||| DROPPING amulet of regeneration.
 21045 | Shoals:1 | Entered Level 1 of the Shoals
 21047 | Shoals:1 | 21047 ||| Stepping ~*~*~tactically~*~*~ (hiding).
 21048 | Shoals:1 | 21048 ||| Stepping ~*~*~tactically~*~*~ (hiding).
 21086 | Shoals:1 | 21086 ||| INVOKING Heroism.
 21104 | Shoals:1 | Reached XP level 16. HP: 97/101 MP: 21/21
 21130 | Shoals:1 | 21130 ||| Stepping ~*~*~tactically~*~*~ (stealth).
 21136 | Shoals:1 | 21136 ||| Stepping ~*~*~tactically~*~*~ (stealth).
 21139 | Shoals:1 | 21139 ||| FLEEEEING.
 21147 | Shoals:1 | 21147 ||| INVOKING Heroism.
 21152 | Shoals:1 | HP: 18/101 [merfolk aquamancer/shard of ice (38)]
 21153 | Shoals:1 | 21153 ||| READING 11 scrolls of teleportation.
 21154 | Shoals:1 | 21154 ||| DRINKING 6 potions of heal wounds.
 21155 | Shoals:1 | 21155 ||| DRINKING 5 potions of heal wounds.
 21157 | Shoals:1 | 21157 ||| DRINKING 4 potions of heal wounds.
 21244 | Shoals:1 | 21244 ||| FLEEEEING.
 21246 | Shoals:1 | 21246 ||| FLEEEEING.
 21247 | Shoals:1 | 21247 ||| FLEEEEING.
 21248 | Shoals:1 | 21248 ||| FLEEEEING.
 21249 | Shoals:1 | 21249 ||| FLEEEEING.
 21250 | Shoals:1 | 21250 ||| FLEEEEING.
 21251 | Shoals:1 | 21251 ||| FLEEEEING.
 21252 | Shoals:1 | 21252 ||| FLEEEEING.
 21491 | Shoals:1 | Reached skill level 17 in Axes
 21568 | Shoals:1 | 21568 ||| INVOKING Heroism.
 21586 | Shoals:1 | 21586 ||| Stepping ~*~*~tactically~*~*~ (stealth).
 21587 | Shoals:1 | 21587 ||| Stepping ~*~*~tactically~*~*~ (stealth).
 21616 | Shoals:1 | 21616 ||| INVOKING Heroism.
 21875 | Shoals:1 | Noticed a kraken
 21888 | Shoals:1 | Killed a kraken
 22105 | Shoals:1 | 22105 ||| INVOKING Heroism.
 22124 | Shoals:1 | 22124 ||| INVOKING Finesse.
 22391 | Shoals:1 | 22391 ||| INVOKING Heroism.
 22404 | Shoals:1 | 22404 ||| FLEEEEING.
 22405 | Shoals:1 | 22405 ||| FLEEEEING.
 22406 | Shoals:1 | 22406 ||| FLEEEEING.
 22407 | Shoals:1 | 22407 ||| FLEEEEING.
 22408 | Shoals:1 | 22408 ||| FLEEEEING.
 22411 | Shoals:1 | 22411 ||| FLEEEEING.
 22602 | Shoals:1 | 22602 ||| INVOKING Heroism.
 22872 | Shoals:2 | 22872 ||| INVOKING Heroism.
 22916 | Shoals:2 | 22916 ||| Stepping ~*~*~tactically~*~*~ (hiding).
 22917 | Shoals:2 | 22917 ||| Stepping ~*~*~tactically~*~*~ (hiding).
 22961 | Shoals:2 | 22961 ||| Stepping ~*~*~tactically~*~*~ (stealth).
 22962 | Shoals:2 | 22962 ||| Stepping ~*~*~tactically~*~*~ (stealth).
 23082 | Shoals:2 | 23082 ||| INVOKING Heroism.
 23083 | Shoals:2 | 23083 ||| INVOKING Finesse.
 23087 | Shoals:2 | Received a gift from Okawaru
 23133 | Shoals:2 | Found a runed translucent gate.
 23133 | Shoals:2 | Found a runed translucent gate.
 23133 | Shoals:2 | Found a runed translucent gate.
 23373 | Shoals:2 | Noticed Lianjan's ghost (adept MiGl)
 23539 | Shoals:2 | 23539 ||| Stepping ~*~*~tactically~*~*~ (stealth).
 23557 | Shoals:2 | 23557 ||| INVOKING Heroism.
 23849 | Shoals:3 | 23849 ||| Stepping ~*~*~tactically~*~*~ (hiding).
 23850 | Shoals:3 | 23850 ||| Stepping ~*~*~tactically~*~*~ (hiding).
 23882 | Shoals:3 | Noticed Polyphemus
 23883 | Shoals:3 | 23883 ||| INVOKING Heroism.
 23884 | Shoals:3 | 23884 ||| INVOKING Finesse.
 23891 | Shoals:3 | Identified the +1 kite shield "Mopain" {Str+2} (Okawaru
                  | gifted it to you on level 3 of the Shoals)
 23891 | Shoals:3 | Received a gift from Okawaru
 23897 | Shoals:3 | Killed Polyphemus
 23973 | Shoals:3 | 23973 ||| INVOKING Heroism.
 24203 | Shoals:3 | 24203 ||| Stepping ~*~*~tactically~*~*~ (hiding).
 24205 | Shoals:3 | 24205 ||| Stepping ~*~*~tactically~*~*~ (stealth).
 24207 | Shoals:3 | 24207 ||| Stepping ~*~*~tactically~*~*~ (stealth).
 24264 | Shoals:3 | Reached skill level 18 in Axes
 24264 | Shoals:3 | Reached XP level 17. HP: 108/108 MP: 22/22
 24478 | Shoals:3 | Noticed a kraken
 24479 | Shoals:3 | 24479 ||| UPGRADING to +1 kite shield "Mopain" {Str+2}.
 24485 | Shoals:3 | 24485 ||| INVOKING Heroism.
 24486 | Shoals:3 | Killed a kraken
 24693 | Shoals:3 | 24693 ||| UPGRADING to +1 kite shield "Mopain" {Str+2}.
 24703 | Shoals:3 | 24703 ||| DROPPING +0 kite shield.
 24888 | Shoals:3 | 24888 ||| FLEEEEING.
 24889 | Shoals:3 | 24889 ||| FLEEEEING.
 24890 | Shoals:3 | 24890 ||| FLEEEEING.
 24891 | Shoals:3 | 24891 ||| FLEEEEING.
 24892 | Shoals:3 | 24892 ||| FLEEEEING.
 24893 | Shoals:3 | 24893 ||| FLEEEEING.
 24894 | Shoals:3 | 24894 ||| STAIRDANCE
 25066 | Shoals:3 | 25066 ||| FLEEEEING.
 25067 | Shoals:3 | 25067 ||| FLEEEEING.
 25068 | Shoals:3 | 25068 ||| FLEEEEING.
 25069 | Shoals:3 | 25069 ||| FLEEEEING.
 25070 | Shoals:3 | 25070 ||| FLEEEEING.
 25073 | Shoals:3 | 25073 ||| INVOKING Heroism.
 25372 | Shoals:3 | 25372 ||| PLANNING SNAKE:1-3
 25484 | Snake:1  | Entered Level 1 of the Snake Pit
 25518 | Snake:1  | 25518 ||| Stepping ~*~*~tactically~*~*~ (hiding).
 25618 | Snake:1  | 25618 ||| Stepping ~*~*~tactically~*~*~ (hiding).
 25625 | Snake:1  | 25625 ||| INVOKING Heroism.
 25627 | Snake:1  | 25627 ||| Stepping ~*~*~tactically~*~*~ (hiding).
 25636 | Snake:1  | Identified the +0 kite shield of the Gate {Dex+7} (Okawaru
                  | gifted it to you on level 1 of the Snake Pit)
 25636 | Snake:1  | Received a gift from Okawaru
 25724 | Snake:1  | 25724 ||| Stepping ~*~*~tactically~*~*~ (hiding).
 25725 | Snake:1  | 25725 ||| Stepping ~*~*~tactically~*~*~ (hiding).
 25729 | Snake:1  | 25729 ||| Stepping ~*~*~tactically~*~*~ (hiding).
 25730 | Snake:1  | 25730 ||| Stepping ~*~*~tactically~*~*~ (hiding).
 25733 | Snake:1  | 25733 ||| Stepping ~*~*~tactically~*~*~ (hiding).
 25734 | Snake:1  | 25734 ||| Stepping ~*~*~tactically~*~*~ (hiding).
 25756 | Snake:1  | Noticed Azrael
 25766 | Snake:1  | Killed Azrael
 25943 | Snake:1  | 25943 ||| Stepping ~*~*~tactically~*~*~ (hiding).
 26037 | Snake:1  | 26037 ||| READING scroll of enchant armour.
 26037 | Snake:1  | 26037 ||| ENCHANTING +1 pair of gloves of dexterity.
 26163 | Snake:1  | 26163 ||| INVOKING Heroism.
 26351 | Snake:1  | Found Qegge's Jewellery Shop.
 26351 | Snake:1  | Found Finat's Book Shoppe.
 26356 | Snake:1  | Found Metzod's Book Shoppe.
 26363 | Snake:1  | 26363 ||| SHOPLISTING amulet "Wetadd" {Acrobat rElec rPois
                  | rC- Dex+6} (1022 gold, have 874).
 26363 | Snake:1  | 26363 ||| BUYING ring of protection from fire (475 gold).
 26363 | Snake:1  | Bought a ring of protection from fire for 475 gold pieces
 26590 | Snake:1  | 26590 ||| UPGRADING to +0 kite shield of the Gate {Dex+7}.
 26600 | Snake:1  | 26600 ||| DROPPING +1 kite shield "Mopain" {Str+2}.
 26643 | Snake:2  | 26643 ||| Stepping ~*~*~tactically~*~*~ (hiding).
 26648 | Snake:2  | 26648 ||| Stepping ~*~*~tactically~*~*~ (hiding).
 26649 | Snake:2  | 26649 ||| Stepping ~*~*~tactically~*~*~ (hiding).
 26687 | Snake:2  | 26687 ||| Stepping ~*~*~tactically~*~*~ (hiding).
 26688 | Snake:2  | 26688 ||| Stepping ~*~*~tactically~*~*~ (hiding).
 26689 | Snake:2  | 26689 ||| INVOKING Heroism.
 26697 | Snake:2  | 26697 ||| Stepping ~*~*~tactically~*~*~ (hiding).
 26941 | Snake:2  | 26941 ||| INVOKING Heroism.
 26955 | Snake:2  | Reached skill level 6 in Dodging
 27625 | Snake:2  | 27625 ||| Stepping ~*~*~tactically~*~*~ (hiding).
 27872 | Snake:3  | Found a runed translucent door.
 27872 | Snake:3  | Noticed qw's ghost (adept GrFi)
 28124 | Snake:3  | Identified the ring "Locaomid" {rN+ EV+5 Int+2}
 28140 | Snake:3  | Identified the +7 battleaxe of Uchoefo {venom, Dex+2}
 28160 | Snake:3  | 28160 ||| INVOKING Heroism.
 28161 | Snake:3  | Received a gift from Okawaru
 28174 | Snake:3  | 28174 ||| Stepping ~*~*~tactically~*~*~ (hiding).
 28225 | Snake:3  | 28225 ||| FLEEEEING.
 28226 | Snake:3  | 28226 ||| FLEEEEING.
 28227 | Snake:3  | 28227 ||| FLEEEEING.
 28228 | Snake:3  | 28228 ||| INVOKING Heroism.
 28348 | Snake:3  | 28348 ||| READING scroll of enchant weapon.
 28348 | Snake:3  | 28348 ||| ENCHANTING +5 heavy broad axe.
 28362 | Snake:3  | Identified the +1 arbalest "Nuth" {speed, rF+ rCorr}
 28363 | Snake:3  | 28363 ||| Stepping ~*~*~tactically~*~*~ (hiding).
 28368 | Snake:3  | Received a gift from Okawaru
 28375 | Snake:3  | 28375 ||| INVOKING Heroism.
 28563 | Snake:3  | 28563 ||| READING scroll of enchant armour.
 28563 | Snake:3  | 28563 ||| ENCHANTING +0 helmet.
 28578 | Snake:3  | 28578 ||| READING scroll of enchant weapon.
 28578 | Snake:3  | 28578 ||| ENCHANTING +6 heavy broad axe.
 28581 | Snake:3  | Identified the +9 short sword of the Undead {elec, rElec
                  | rF++}
 28900 | Snake:3  | 28900 ||| PLANNING SHOALS:4
 28900 | Snake:3  | 28900 ||| UPGRADING to ring "Locaomid" {rN+ EV+5 Int+2}.
 28902 | Snake:3  | 28902 ||| UPGRADING to +5 ring of evasion.
 28904 | Snake:3  | 28904 ||| DROPPING +4 ring of protection.
 29044 | Shoals:4 | Entered Level 4 of the Shoals
 29070 | Shoals:4 | 29070 ||| INVOKING Heroism.
 29075 | Shoals:4 | 29075 ||| INVOKING Finesse.
 29077 | Shoals:4 | Reached skill level 6 in Throwing
 29193 | Shoals:4 | 29193 ||| INVOKING Heroism.
 29241 | Shoals:4 | 29241 ||| READING scroll of enchant weapon.
 29241 | Shoals:4 | 29241 ||| ENCHANTING +7 heavy broad axe.
 29276 | Shoals:4 | 29276 ||| Stepping ~*~*~tactically~*~*~ (hiding).
 29278 | Shoals:4 | 29278 ||| INVOKING Heroism.
 29280 | Shoals:4 | Identified the -2 cloak of the Sun {MP+9 Dex+3 Stlth+}
                  | (Okawaru gifted it to you on level 4 of the Shoals)
 29280 | Shoals:4 | Received a gift from Okawaru
 29281 | Shoals:4 | Reached XP level 18. HP: 116/116 MP: 20/23
 29281 | Shoals:4 | 29281 ||| Stepping ~*~*~tactically~*~*~ (hiding).
 29291 | Shoals:4 | 29291 ||| DROPPING +4 morningstar of freezing.
 29378 | Shoals:4 | Noticed Mlioglotl
 29379 | Shoals:4 | 29379 ||| INVOKING Heroism.
 29380 | Shoals:4 | 29380 ||| INVOKING Finesse.
 29389 | Shoals:4 | Killed Mlioglotl
 29433 | Shoals:4 | 29433 ||| Stepping ~*~*~tactically~*~*~ (hiding).
 29435 | Shoals:4 | 29435 ||| Stepping ~*~*~tactically~*~*~ (hiding).
 29535 | Shoals:4 | 29535 ||| Stepping ~*~*~tactically~*~*~ (stealth).
 29536 | Shoals:4 | 29536 ||| Stepping ~*~*~tactically~*~*~ (stealth).
 29630 | Shoals:4 | 29630 ||| Stepping ~*~*~tactically~*~*~ (hiding).
 29633 | Shoals:4 | 29633 ||| INVOKING Heroism.
 29683 | Shoals:4 | Reached skill level 15 in Fighting
 29694 | Shoals:4 | Found the +8 Wrath of Trog {antimagic, *Rage Rampage}
 29726 | Shoals:4 | 29726 ||| READING scroll of enchant armour.
 29726 | Shoals:4 | 29726 ||| ENCHANTING +1 helmet.
 29750 | Shoals:4 | 29750 ||| Stepping ~*~*~tactically~*~*~ (hiding).
 29751 | Shoals:4 | 29751 ||| Stepping ~*~*~tactically~*~*~ (hiding).
 29753 | Shoals:4 | 29753 ||| INVOKING Heroism.
 29763 | Shoals:4 | 29763 ||| INVOKING Finesse.
 29772 | Shoals:4 | 29772 ||| Stepping ~*~*~tactically~*~*~ (hiding).
 29775 | Shoals:4 | 29775 ||| Stepping ~*~*~tactically~*~*~ (stealth).
 29835 | Shoals:4 | Got a barnacled rune of Zot
 30076 | Shoals:4 | 30076 ||| INVOKING Heroism.
 30192 | Shoals:4 | 30192 ||| PLANNING VAULTS:1-4
 30192 | Shoals:4 | 30192 ||| DROPPING -2 cloak of the Sun {MP+9 Dex+3 Stlth+}.
 30193 | Shoals:4 | 30193 ||| DROPPING +2 pair of gloves.
 30200 | Shoals:4 | 30200 ||| DROPPING +3 chain mail of positive energy.
 30455 | Vaults:1 | Entered Level 1 of the Vaults
 30498 | Vaults:1 | 30498 ||| DRINKING 10 potions of curing.
 30498 | Vaults:1 | 30498 ||| (to cure confusion)
 30510 | Vaults:1 | 30510 ||| Stepping ~*~*~tactically~*~*~ (hiding).
 30611 | Vaults:1 | Found a portal to a secret trove of treasure.
 30644 | Vaults:1 | Reached skill level 15 in Armour
 30891 | Vaults:1 | 30891 ||| Stepping ~*~*~tactically~*~*~ (hiding).
 30912 | Vaults:1 | Received a gift from Okawaru
 31185 | Vaults:1 | Received a gift from Okawaru
 31188 | Vaults:1 | 31188 ||| INVOKING Heroism.
 31223 | Vaults:1 | 31223 ||| FLEEEEING.
 31224 | Vaults:1 | 31224 ||| FLEEEEING.
 31225 | Vaults:1 | 31225 ||| FLEEEEING.
 31226 | Vaults:1 | 31226 ||| FLEEEEING.
 31227 | Vaults:1 | 31227 ||| FLEEEEING.
 31228 | Vaults:1 | 31228 ||| FLEEEEING.
 31229 | Vaults:1 | 31229 ||| FLEEEEING.
 31230 | Vaults:1 | 31230 ||| FLEEEEING.
 31236 | Vaults:1 | 31236 ||| FLEEEEING.
 31237 | Vaults:1 | 31237 ||| FLEEEEING.
 31238 | Vaults:1 | 31238 ||| FLEEEEING.
 31251 | Vaults:1 | 31251 ||| FLEEEEING.
 31252 | Vaults:1 | 31252 ||| FLEEEEING.
 31253 | Vaults:1 | 31253 ||| FLEEEEING.
 31254 | Vaults:1 | 31254 ||| FLEEEEING.
 31255 | Vaults:1 | 31255 ||| FLEEEEING.
 31262 | Vaults:1 | 31262 ||| FLEEEEING.
 31263 | Vaults:1 | 31263 ||| FLEEEEING.
 31264 | Vaults:1 | 31264 ||| FLEEEEING.
 31265 | Vaults:1 | 31265 ||| FLEEEEING.
 31266 | Vaults:1 | 31266 ||| FLEEEEING.
 31267 | Vaults:1 | 31267 ||| FLEEEEING.
 31268 | Vaults:1 | 31268 ||| FLEEEEING.
 31269 | Vaults:1 | 31269 ||| FLEEEEING.
 31270 | Vaults:1 | 31270 ||| FLEEEEING.
 31271 | Vaults:1 | 31271 ||| FLEEEEING.
 31272 | Vaults:1 | 31272 ||| FLEEEEING.
 31273 | Vaults:1 | 31273 ||| FLEEEEING.
 31274 | Vaults:1 | 31274 ||| FLEEEEING.
 31275 | Vaults:1 | 31275 ||| FLEEEEING.
 31276 | Vaults:1 | 31276 ||| FLEEEEING.
 31277 | Vaults:1 | 31277 ||| FLEEEEING.
 31278 | Vaults:1 | 31278 ||| FLEEEEING.
 31279 | Vaults:1 | 31279 ||| FLEEEEING.
 31280 | Vaults:1 | 31280 ||| FLEEEEING.
 31281 | Vaults:1 | 31281 ||| FLEEEEING.
 31282 | Vaults:1 | 31282 ||| FLEEEEING.
 31283 | Vaults:1 | 31283 ||| FLEEEEING.
 31284 | Vaults:1 | 31284 ||| FLEEEEING.
 31285 | Vaults:1 | 31285 ||| FLEEEEING.
 31286 | Vaults:1 | 31286 ||| FLEEEEING.
 31436 | Vaults:1 | 31436 ||| DROPPING +6 ring of intelligence.
 31474 | Vaults:1 | 31474 ||| INVOKING Heroism.
 31732 | Vaults:1 | 31732 ||| Stepping ~*~*~tactically~*~*~ (hiding).
 31733 | Vaults:1 | 31733 ||| Stepping ~*~*~tactically~*~*~ (hiding).
 31882 | Vaults:1 | 31882 ||| Stepping ~*~*~tactically~*~*~ (stealth).
 31893 | Vaults:1 | 31893 ||| Stepping ~*~*~tactically~*~*~ (hiding).
 31894 | Vaults:1 | 31894 ||| Stepping ~*~*~tactically~*~*~ (hiding).
 31896 | Vaults:1 | 31896 ||| Stepping ~*~*~tactically~*~*~ (hiding).
 31898 | Vaults:1 | 31898 ||| Stepping ~*~*~tactically~*~*~ (hiding).
 31899 | Vaults:1 | 31899 ||| Stepping ~*~*~tactically~*~*~ (hiding).
 32174 | Vaults:2 | Found Zuthiw Med's Weapon Shop.
 32175 | Vaults:2 | 32175 ||| Stepping ~*~*~tactically~*~*~ (hiding).
 32177 | Vaults:2 | 32177 ||| INVOKING Heroism.
 32178 | Vaults:2 | 32178 ||| INVOKING Finesse.
 32186 | Vaults:2 | Received a gift from Okawaru
 32290 | Vaults:2 | 32290 ||| Stepping ~*~*~tactically~*~*~ (hiding).
 32298 | Vaults:2 | 32298 ||| INVOKING Heroism.
 32654 | Vaults:2 | Reached skill level 9 in Throwing
 32664 | Vaults:2 | 32664 ||| Stepping ~*~*~tactically~*~*~ (hiding).
 32683 | Vaults:2 | Reached skill level 15 in Shields
 32690 | Vaults:2 | Received a gift from Okawaru
 32700 | Vaults:2 | Reached XP level 19. HP: 112/124 MP: 23/23
 32703 | Vaults:2 | Received a gift from Okawaru
 32817 | Vaults:2 | Paralysed by a great orb of eyes for 2 turns
 32819 | Vaults:2 | 32819 ||| Stepping ~*~*~tactically~*~*~ (hiding).
 32820 | Vaults:2 | 32820 ||| Stepping ~*~*~tactically~*~*~ (hiding).
 32954 | Vaults:2 | 32954 ||| INVOKING Heroism.
 32959 | Vaults:2 | Received a gift from Okawaru
 33245 | Vaults:2 | 33245 ||| INVOKING Heroism.
 33246 | Vaults:2 | 33246 ||| INVOKING Finesse.
 33334 | Vaults:2 | Found Riefuxafe's Jewellery Shop.
 33338 | Vaults:2 | 33338 ||| BUYING ring of resist corrosion (380 gold).
 33338 | Vaults:2 | Bought a ring of resist corrosion for 380 gold pieces
 33343 | Vaults:2 | 33343 ||| INVOKING Finesse.
 33419 | Vaults:2 | 33419 ||| INVOKING Heroism.
 33535 | Vaults:2 | 33535 ||| DRINKING 12 potions of curing.
 33535 | Vaults:2 | 33535 ||| (to cure confusion)
 33558 | Vaults:2 | 33558 ||| Stepping ~*~*~tactically~*~*~ (hiding).
 33562 | Vaults:2 | Received a gift from Okawaru
 33912 | Vaults:2 | 33912 ||| Stepping ~*~*~tactically~*~*~ (stealth).
 33913 | Vaults:2 | 33913 ||| Stepping ~*~*~tactically~*~*~ (stealth).
 33914 | Vaults:2 | 33914 ||| Stepping ~*~*~tactically~*~*~ (stealth).
 33916 | Vaults:2 | 33916 ||| INVOKING Heroism.
 33940 | Vaults:2 | 33940 ||| DROPPING +2 pair of gloves.
 33941 | Vaults:2 | 33941 ||| READING 21 scrolls of identify.
 33941 | Vaults:2 | 33941 ||| IDENTIFYING ruby potion
 33942 | Vaults:2 | 33942 ||| DROPPING potion of ambrosia.
 33993 | Vaults:3 | 33993 ||| Stepping ~*~*~tactically~*~*~ (stealth).
 33998 | Vaults:3 | Received a gift from Okawaru
 34034 | Vaults:3 | 34034 ||| Stepping ~*~*~tactically~*~*~ (hiding).
 34036 | Vaults:3 | 34036 ||| Stepping ~*~*~tactically~*~*~ (hiding).
 34042 | Vaults:3 | Reached skill level 9 in Dodging
 34086 | Vaults:3 | 34086 ||| INVOKING Finesse.
 34098 | Vaults:3 | 34098 ||| INVOKING Heroism.
 34288 | Vaults:3 | 34288 ||| FLEEEEING.
 34289 | Vaults:3 | 34289 ||| FLEEEEING.
 34290 | Vaults:3 | 34290 ||| FLEEEEING.
 34291 | Vaults:3 | 34291 ||| FLEEEEING.
 34292 | Vaults:3 | 34292 ||| FLEEEEING.
 34298 | Vaults:3 | 34298 ||| FLEEEEING.
 34299 | Vaults:3 | 34299 ||| FLEEEEING.
 34301 | Vaults:3 | 34301 ||| FLEEEEING.
 34303 | Vaults:3 | 34303 ||| FLEEEEING.
 34305 | Vaults:3 | 34305 ||| FLEEEEING.
 34306 | Vaults:3 | 34306 ||| INVOKING Heroism.
 34540 | Vaults:3 | 34540 ||| Stepping ~*~*~tactically~*~*~ (hiding).
 34547 | Vaults:3 | Received a gift from Okawaru
 34551 | Vaults:3 | 34551 ||| INVOKING Heroism.
 34719 | Vaults:3 | 34719 ||| Stepping ~*~*~tactically~*~*~ (stealth).
 34720 | Vaults:3 | 34720 ||| Stepping ~*~*~tactically~*~*~ (stealth).
 34732 | Vaults:3 | 34732 ||| INVOKING Heroism.
 34793 | Vaults:3 | 34793 ||| Stepping ~*~*~tactically~*~*~ (hiding).
 34819 | Vaults:3 | Found a staircase to the Crypt.
 34871 | Vaults:3 | Identified the +2 pair of boots "Wyif Fas" {rF+ Will+
                  | Str+3} (Okawaru gifted it to you on level 3 of the Vaults)
 34871 | Vaults:3 | Received a gift from Okawaru
 35107 | Vaults:3 | 35107 ||| UPGRADING to +2 pair of boots "Wyif Fas" {rF+
                  | Will+ Str+3}.
 35108 | Vaults:3 | 35108 ||| UPGRADING to +2 pair of boots "Wyif Fas" {rF+
                  | Will+ Str+3}.
 35124 | Vaults:3 | 35124 ||| Stepping ~*~*~tactically~*~*~ (stealth).
 35253 | Vaults:3 | 35253 ||| UPGRADING to +1 pair of boots.
 35258 | Vaults:3 | 35258 ||| UPGRADING to +2 pair of boots "Wyif Fas" {rF+
                  | Will+ Str+3}.
 35268 | Vaults:3 | 35268 ||| DROPPING +1 pair of boots.
 35269 | Vaults:3 | 35269 ||| UPGRADING to +0 tower shield.
 35279 | Vaults:3 | 35279 ||| DROPPING +0 kite shield of the Gate {Dex+7}.
 35470 | Vaults:3 | Reached XP level 20. HP: 134/134 MP: 24/24
 35474 | Vaults:3 | Found Ufaxtoil's Distillery.
 35489 | Vaults:3 | 35489 ||| BUYING 2 potions of cancellation (288 gold).
 35489 | Vaults:3 | Bought 2 potions of cancellation for 288 gold pieces
 35489 | Vaults:3 | 35489 ||| BUYING potion of cancellation (144 gold).
 35489 | Vaults:3 | Bought a potion of cancellation for 144 gold pieces
 35489 | Vaults:3 | 35489 ||| BUYING potion of curing (54 gold).
 35489 | Vaults:3 | Bought a potion of curing for 54 gold pieces
 35489 | Vaults:3 | 35489 ||| BUYING potion of curing (54 gold).
 35489 | Vaults:3 | Bought a potion of curing for 54 gold pieces
 35489 | Vaults:3 | 35489 ||| BUYING potion of lignification (54 gold).
 35489 | Vaults:3 | Bought a potion of lignification for 54 gold pieces
 35553 | Vaults:3 | Identified the +5 chain mail "Lebloir" {rPois rN++ Str+3
                  | Slay-4}
 35555 | Vaults:3 | 35555 ||| DROPPING +5 chain mail "Lebloir" {rPois rN++
                  | Str+3 Slay-4}.
 35970 | Vaults:4 | 35970 ||| READING scroll of enchant weapon.
 35970 | Vaults:4 | 35970 ||| ENCHANTING +8 heavy broad axe.
 36096 | Vaults:4 | 36096 ||| INVOKING Finesse.
 36098 | Vaults:4 | 36098 ||| INVOKING Heroism.
 36127 | Vaults:4 | Shot with a bolt by a yaktaur captain

Levels and vault maps discovered:
D:1:      nicolae_arrival_memento_mori, layout_basic,
          hellmonk_ecumenical_altar_arch_garden
D:2:      layout_rooms, basic_altar, kennysheep_generic_room_8
D:3:      layout_basic, nicolae_uskayaw_dance_hall, uniq_terence
D:4:      layout_basic, nicolae_qazlal_beasts_of_the_sky,
          mainiacjoe_overflow_divided_tiny, minmay_temple_entry_sparse_star
D:5:      layout_basic, grunt_ministairs_3, minmay_hedge_maze,
          kennysheep_generic_room_2
D:6:      layout_loops_ring, uniq_pikel, uniq_prince_ribbit1
D:7:      layout_basic, serial_aquarium, aquarium_bridge_straight
          [aquarium_subvault_bridge, aquarium_subvault_balcony,
          aquarium_subvault_bridge, aquarium_subvault_window],
          aquarium_window_1, aquarium_window_corner, aquarium_window_1,
          aquarium_view_2d, dk_rats_in_the_wall, uniq_maggie
D:8:      layout_basic, mainiacjoe_overflow_24_doors,
          mainiacjoe_overflow_large_starburst, grunt_lair_entry_orc_guard_hut,
          gammafunk_ghost_arena, minmay_diced_spiral
D:9:      layout_cross, zin_purify, serial_gnoll_camp, gnoll_camp_huts_moat,
          grums_kennel, gnoll_camp_mini_loothouse, gnoll_camp_mini_basic,
          gnoll_camp_mini_shop, gnoll_camp_mini_doghouse,
          kennysheep_nondescript, minmay_chambers_of_fives
D:10:     layout_loops_ring, nemelex_diamond_rough_becter,
          kiku_gazebo_pond_becter, hiddenorc1_lemuel, uniq_joseph, uniq_lodul
D:11:     layout_roguey
D:12:     layout_roguey, grunt_decor_clamped, eino_small_chamber_without_monster
D:13:     layout_cave_pools
D:14:     layout_stronghold, grunt_vaults_entry_tiered, minmay_misc_feat_doors,
          kennysheep_just_a_vault
D:15:     gammafunk_enter_depths_forms, layout_long_grid, minmay_door_square,
          serial_bayou, serial_bayou_pond_a, serial_bayou_lagoon_a,
          serial_bayou_pond_a, serial_bayou_lagoon_b, serial_bayou_pond_e
Temple:   hellmonk_temple_two_chambers
Lair:1:   layout_cave_pods, beast_lair_carwin_4, infiniplex_staircase_pool_2
Lair:2:   layout_hall_layers
Lair:3:   layout_roguey, elwin_shoals_entry_rocks, lemuel_fruit_tree,
          grunt_megastairs_5
Lair:4:   cheibrodos_magma_flow, layout_loops_ring, wad_woods_river_04
Lair:5:   hangedman_lair_caniforms_friends, layout_loops_ring,
          guppyfry_lair_end_dragon, nicolae_slime_entry_slimehenge, basic_altar
Shoals:1: layout_shoals, nicolae_shoals_raging_river
Shoals:2: nicolae_shoals_island_circles, layout_shoals,
          ebering_ghost_rock_garden
Shoals:3: cheibrodos_shoals_baths, layout_shoals, hangedman_shoals_cup_caves,
          uniq_polyphemus
Shoals:4: shoals_end_grunt_ice, layout_shoals, uniq_mlioglotl
Snake:1:  layout_gridlike, grunt_ministairs_9, drop_trap, grunt_megastairs_2,
          minmay_shop_grove, serial_bayou_shore_a, uniq_azrael
Snake:2:  layout_chambers, serial_bayou_crossing
Snake:3:  layout_concentric_octagons, gammafunk_ghost_grave,
          nicolae_snake_salamander_zone, serial_bayou_shore_b
Orc:1:    layout_caves
Orc:2:    grunt_orc_tribal_feast, layout_caves
Vaults:1: nicolae_vaults_alarming, vaults_room_octagon, nicolae_vaults_house_3,
          ontoclasm_vaults_ring_large, grunt_vaults_trifunnel,
          vaults_room_grunt_arrival_ludios,
          nicolae_vaults_shipping_containers_6, vaults_room_pools,
          vaults_mumra_chevron, nicolae_vaults_theta,
          nicolae_vaults_heart-shaped_vault, layout_vaults_big_room,
          enter_trove_0
Vaults:2: v_misc_23, nicolae_vaults_know_your_exits, v_alt_pattern_5,
          ontoclasm_vaults_spin, nicolae_vaults_taking_the_gang_shopping,
          ontoclasm_vaults_ring_large, nicolae_vaults_gold_heap, v_pattern_1,
          nicolae_vaults_theta, nicolae_vaults_stepped_doors,
          ontoclasm_vaults_decontamination, nicolae_vaults_asterisk,
          layout_vaults_ring, serial_shops, shop
Vaults:3: nicolae_vaults_surprise_closet, nicolae_vaults_apartment_2,
          nicolae_vaults_triangles, vaults_standard_mumra_enter_the_diamond,
          nicolae_vaults_network_periphery, nicolae_vaults_sesquioval_fish,
          nicolae_vaults_closet_pinwheel_3, minmay_crypt_entry_simple_box,
          v_misc_8, vaults_dpeg_ring, layout_vaults_omnigrid, serial_shops,
          nicolae_shop_tiny_waterfront
Vaults:4: dpeg_vaults_monster_box, nicolae_vaults_trapezoid_lopsided_4,
          nicolae_vaults_three_branches, nicolae_vaults_variable_pillar_hall,
          ontoclasm_vaults_ring_square, hangedman_vaults_nails,
          nicolae_vaults_trapezoid_lopsided_4, hangedman_vaults_nodes,
          nicolae_vaults_offset_grid_hallway_3,
          nicolae_vaults_offset_grid_hallway_3,
          nicolae_vaults_storage_closets_1, hangedman_vaults_capsules,
          nicolae_vaults_diamond_1, nicolae_vaults_offset_grid_hallway_4,
          layout_vaults_maze

Skill      XL: |  1  2  3  4  5  6  7  8  9 10 11 12 13 14 15 16 17 18 19 20 |
---------------+-------------------------------------------------------------+-----
Axes           | 2 3 4 5 7 8 10 11 12 13 14 15 16 18 | 18.0
Throwing       | 1 4 5 7 9 |  9.0
Fighting       | 4 5 7 8 10 11 12 13 14 15 17 | 17.0
Dodging        | 1 2 3 4 5 7 8 9 |  9.0
Armour         | 6 8 9 10 11 12 13 14 15 16 | 16.4
Shields        | 4 5 6 7 11 13 14 15 17 | 17.0
Invocations    | 2 4 8 10 | 10.1

Action                     |  1- 3 |  4- 6 |  7- 9 | 10-12 | 13-15 | 16-18 | 19-21 || total
---------------------------+-------+-------+-------+-------+-------+-------+-------++-------
  Melee: War axe           |   115 |   160 |   259 |       |       |       |       ||   534
         Broad axe         |       |       |    28 |   318 |   935 |  1010 |   346 ||  2637
         Morningstar       |       |       |       |    13 |    17 |       |       ||    30
  Throw: Boomerang         |    18 |    21 |    14 |    18 |    70 |    71 |     1 ||   213
         Javelin           |       |    11 |       |       |    42 |    22 |    58 ||   133
 Invoke: Heroism           |       |       |       |    14 |    34 |    31 |     9 ||    88
         Finesse           |       |       |       |       |     8 |     7 |     4 ||    19
    Use: Scroll            |     4 |     5 |     9 |     5 |    11 |     7 |     2 ||    43
         Potion            |     1 |     4 |     2 |       |     1 |     4 |     1 ||    13
 Armour: Scale mail        |    68 |    40 |       |       |       |       |       ||   108
         Chain mail        |       |    35 |   147 |    73 |       |       |       ||   255
         Plate armour      |       |       |       |   218 |   684 |   459 |    97 ||  1458
  Dodge: Dodged            |    53 |   102 |   144 |   305 |   589 |   591 |   235 ||  2019
  Block: Buckler           |    24 |    25 |    51 |    97 |   149 |       |       ||   346
         Kite shield       |       |       |       |       |   345 |   825 |   222 ||  1392
         Tower shield      |       |       |       |       |       |       |   103 ||   103

Table legend:
 A = Non-vault XP
 B = Vault XP
 C = Vault XP percentage of total XP
 D = Non-vault monster count
 E = Vault monster count
 F = Vault count percentage of total count
                 A         B        C        D         E       F
            +---------+---------+-------+---------+---------+-------
      Total |  242619 |  177171 |  42.2 |     757 |     455 |  37.5
            +---------+---------+-------+---------+---------+-------
        D:1 |      44 |       0 |   0.0 |      25 |       0 |   0.0
        D:2 |     124 |      15 |  10.8 |      25 |       2 |   7.4
        D:3 |      52 |      36 |  40.9 |      13 |       1 |   7.1
        D:4 |     370 |     133 |  26.4 |      17 |       1 |   5.6
        D:5 |     390 |      95 |  19.6 |       8 |       9 |  52.9
        D:6 |     885 |     914 |  50.8 |      10 |       2 |  16.7
        D:7 |    1311 |     385 |  22.7 |      27 |       1 |   3.6
        D:8 |    1410 |    1018 |  41.9 |      21 |       9 |  30.0
        D:9 |    2394 |    2956 |  55.3 |      24 |      52 |  68.4
       D:10 |    3431 |    2204 |  39.1 |      29 |      25 |  46.3
       D:11 |    3622 |       0 |   0.0 |      12 |       0 |   0.0
       D:12 |    4671 |       0 |   0.0 |      12 |       0 |   0.0
       D:13 |    7444 |       0 |   0.0 |      24 |       0 |   0.0
       D:14 |    9868 |    8585 |  46.5 |      21 |      26 |  55.3
       D:15 |    7385 |    4329 |  37.0 |      26 |       7 |  21.2
     Lair:1 |    3613 |    1867 |  34.1 |      22 |       6 |  21.4
     Lair:2 |    4092 |       0 |   0.0 |      17 |       0 |   0.0
     Lair:3 |    9820 |    1428 |  12.7 |      41 |       7 |  14.6
     Lair:4 |    8302 |    1125 |  11.9 |      20 |       7 |  25.9
     Lair:5 |    5552 |   14175 |  71.9 |      10 |      78 |  88.6
   Shoals:1 |   19495 |    5605 |  22.3 |      37 |      15 |  28.8
   Shoals:2 |   17698 |       0 |   0.0 |      35 |       0 |   0.0
   Shoals:3 |    5793 |   13553 |  70.1 |      10 |      24 |  70.6
   Shoals:4 |   10173 |   20253 |  66.6 |      22 |      32 |  59.3
    Snake:1 |   17258 |    3474 |  16.8 |      32 |      10 |  23.8
    Snake:2 |   11141 |       0 |   0.0 |      25 |       0 |   0.0
    Snake:3 |    8684 |    7347 |  45.8 |      21 |      14 |  40.0
      Orc:1 |    2546 |       0 |   0.0 |      28 |       0 |   0.0
      Orc:2 |    2141 |    7461 |  77.7 |      32 |      29 |  47.5
   Vaults:1 |   12133 |   21266 |  63.7 |      19 |      30 |  61.2
   Vaults:2 |   26381 |   25235 |  48.9 |      39 |      28 |  41.8
   Vaults:3 |   29089 |   20592 |  41.4 |      45 |      23 |  33.8
   Vaults:4 |    5307 |   13120 |  71.2 |       8 |      17 |  68.0
            +---------+---------+-------+---------+---------+-------
